 Dungeon Crawl Stone Soup version 0.31-a0-431-g88bdf31460 (webtiles) character file.

Game seed: 58424736730329645

157122 Crownlay the Dancer (level 17, -5/133 HPs)
             Began as a Gnoll Ice Elementalist on July 22, 2023.
             Was a Follower of Uskayaw.
             Slain by a wolf spider (24 damage)
             ... on level 3 of the Lair of Beasts on July 31, 2023.
             The game lasted 02:50:00 (41025 turns).

Crownlay the Dancer (Gnoll Ice Elementalist)       Turns: 41025, Time: 02:50:00

Health: -5/133     AC: 20    Str:  7 (8)  XL:     17   Next: 39%
Magic:  27/33      EV: 17    Int: 21 (22) God:    Uskayaw [*.....]
Gold:   977        SH:  5    Dex: 13      Spells: 4/41 levels left

rFire   . . .        H - +12 pair of quick blades "Gyre" and "Gimble" {protect}
rCold   . . .        (shield currently unavailable)
rNeg    . . .        y - +5 steam dragon scales
rPois   .            (no helmet)
rElec   .            p - +1 cloak
rCorr   .            T - +2 pair of gloves
SInv    +            v - +0 pair of boots
Will    +....        K - amulet of reflection
Stlth   +++++        Z - ring of wizardry
HPRegen 1.22/turn    n - ring of see invisible
MPRegen 0.23/turn

%: reflection, wizardry (x1)
@: very slightly contaminated
A: fangs 1, strong nose, distributed training, hooves 1, mutation resistance 1,
regeneration 1
}: 1/15 runes: decaying
a: Renounce Religion, Stomp


You were on level 3 of the Lair of Beasts.
You worshipped Uskayaw.
Uskayaw was pleased with you.
You visited 6 branches of the dungeon, and saw 28 of its levels.
You also visited: Trove, Ossuary and Ice Cave.

You collected 3347 gold pieces.
You spent 2370 gold pieces at shops.

Inventory:

Hand Weapons
 i - the +6 halberd of Sulphur {freeze, rPois MP+9 Str+4}
   (You found it on level 15 of the Dungeon)

   Str:       It affects your strength (+4).
   rPois:     It protects you from poison.
   MP:        It affects your magic capacity (+9).
 C - the +8 demon trident "Rift" {distort, reach+}
   (You found it in a treasure trove)
 H - the +12 pair of quick blades "Gyre" and "Gimble" (weapon) {protect}
   (You found it in a treasure trove)
 Q - the +7 lajatang of Order {silver, rMut}
   (You found it in a treasure trove)

   rMut:      It protects you from mutation.
Missiles
 S - 4 silver javelins
Armour
 p - a +1 cloak (worn)
 v - a +0 pair of boots (worn)
 y - +5 steam dragon scales (worn)
 A - a +1 kite shield of poison resistance
 T - a +2 pair of gloves (worn)
Jewellery
 n - a ring of see invisible (right hand)
 q - a ring of protection from fire
 J - a ring of wizardry
 K - an amulet of reflection (around neck)
 X - a ring of protection from cold
 Z - a ring of wizardry (left hand)
Talismans
 j - a talisman of death
Wands
 l - a wand of roots (18)
 x - a wand of flame (13)
 F - a wand of digging (8)
 G - a wand of paralysis (21)
Scrolls
 c - 2 scrolls of revelation
 e - 7 scrolls of noise
 f - 2 scrolls of amnesia
 h - 5 scrolls of poison
 r - 18 scrolls of teleportation
 s - 4 scrolls of fog
 u - a scroll of torment
 w - 3 scrolls of fear
 B - a scroll of butterflies
 D - 4 scrolls of silence
 M - 3 scrolls of enchant armour
 P - 2 scrolls of immolation
Potions
 a - 2 potions of haste
 b - 2 potions of magic
 d - 5 potions of curing
 g - a potion of resistance {unknown}
 k - 4 potions of brilliance
 m - a potion of enlightenment {unknown}
 o - 5 potions of might
 z - 2 potions of mutation
 E - 2 potions of ambrosia
 N - a potion of invisibility
 V - 2 potions of heal wounds
 W - a potion of cancellation
Miscellaneous
 I - a box of beasts
 O - a lightning rod (4/4)
 Y - a phantom mirror


   Skills:
 + Level 11.8 Fighting
 + Level 11.8 Short Blades
 + Level 11.8 Long Blades
 + Level 11.8 Axes
 + Level 11.8 Maces & Flails
 + Level 11.8 Polearms
 + Level 11.8 Staves
 + Level 11.8 Ranged Weapons
 + Level 11.8 Throwing
 + Level 11.8 Armour
 + Level 12.6 Dodging
 + Level 12.5 Stealth
 + Level 11.8 Shields
 + Level 11.8 Unarmed Combat
 + Level 12.8 Spellcasting
 + Level 10.0 Conjurations
 + Level 10.0 Hexes
 + Level 10.0 Summonings
 + Level 10.0 Necromancy
 + Level 10.0 Translocations
 + Level 10.0 Transmutations
 + Level 10.0 Fire Magic
 + Level 12.2 Ice Magic
 + Level 10.0 Air Magic
 + Level 10.0 Earth Magic
 + Level 10.0 Poison Magic
 + Level 12.8 Invocations
 + Level 11.8 Evocations
 + Level 10.0 Shapeshifting


You had 4 spell levels left.
You knew the following spells:

 Your Spells              Type           Power      Damage    Failure   Level
a - Freeze                Ice            100%       1d10      1%          1
b - Frozen Ramparts       Ice            100%       1d16      1%          3
c - Ozocubu's Armour      Ice            59%        N/A       1%          3
d - Summon Ice Beast      Ice/Summ       56%        N/A       1%          4
e - Fireball              Conj/Fire      26%        3d12      1%          5
f - Lee's Rapid Deconstr  Erth           26%        3d14*     1%          5
g - Scorch                Fire           100%       2d9       1%          2
h - Ozocubu's Refrigerat  Ice            29%        4d14      11%         7
j - Spellforged Servitor  Conj/Summ      26%        N/A       26%         7

Your spell library contained the following spells:

 Spells                   Type           Power      Damage    Failure   Level
 Sandblast                Erth           100%       2d20      1%          1
 Cigotuvi's Dreadful Rot  Necr/Pois/Air  100%       N/A       1%          2
 Ensorcelled Hibernation  Hex/Ice        100%       N/A       1%          2
 Momentum Strike          Conj/Tloc      100%       3d10      1%          2
 Passwall                 Tmut/Erth      44%        N/A       1%          2
 Ignite Poison            Fire/Tmut/Pois 53%        N/A       1%          3
 Stone Arrow              Conj/Erth      100%       3d13      1%          3
 Tukima's Dance           Hex            53%        N/A       1%          3
 Anguish                  Hex/Necr       26%        N/A       1%          4
 Animate Armour           Summ/Erth      100%       N/A       1%          4
 Flame Wave               Conj/Fire      53%        2d13      1%          4
 Passage of Golubria      Tloc           53%        N/A       1%          4
 Summon Lightning Spire   Summ/Air       53%        N/A       1%          4
 Freezing Cloud           Conj/Ice/Air   27%        6-21      1%          5
 Iskenderun's Battlesphe  Conj           53%        2d10      1%          5
 Yara's Violent Unravell  Hex/Tmut       26%        3d11      1%          5
 Leda's Unmaking          Conj/Erth      26%        9d5       4%          6
 Orb of Destruction       Conj           26%        9d9       26%         7
 Ignition                 Fire           26%        3d9       88%         8


Dungeon Overview and Level Annotations

Branches:
Dungeon (15/15)            Temple (1/1) D:7            Lair (5/5) D:11
  Swamp (4/4) Lair:2       Spider (1/4) Lair:3        Slime (0/5) Lair:4
    Orc (2/2) D:11            Elf (0/3) Orc:2        Vaults (0/5) D:14
 Depths (0/4) D:15        Ossuary (visited)           IceCv (visited)

Altars:
Ashenzari
Cheibriados
Dithmenos
Elyvilon
Fedhas
Gozag
Hepliaklqana
Kikubaaqudgha
Makhleb
Nemelex Xobeh
Okawaru
Qazlal
Ru
Sif Muna
Trog
Uskayaw
Vehumet
Wu Jian
Xom
Yredelemnul
Zin
The Shining One

Shops:
D:5 =   D:6 ?   D:9 (*   Orc:2 *!=:

Annotations:
D:4 1 runed translucent door, initializr's ghost, amateur DrSh
Lair:2 2 transporters, Sapher's ghost, amateur FeWr


Innate Abilities, Weirdness & Mutations

You have very sharp teeth.
Your uncanny sense of smell can sniff out nearby items.
Your experience applies equally to all skills.
You have large cloven feet.
You are somewhat resistant to further mutation.
Your natural rate of healing is unusually fast.


Message History

The wolf spider barely misses you. The wolf spider closely misses you.
The moth of wrath bites you but does no damage.
The wolf spider closely misses you. You block the wolf spider's attack.
The moth of wrath bites you!
There is a crawl-hole back to the Lair here.
Casting: Spellforged Servitor (dangerous; 26% risk of failure)
Confirm with . or Enter, or press ? or * to list all spells.
You miscast Ozocubu's Refrigeration.
You are very lightly contaminated with residual magic.
A chill runs through your body! The wolf spider misses you.
The wolf spider bites you. You block the spark wasp's attack.
The moth of wrath angrily waves its antennae.
The moth of wrath goads the wolf spider on!
The wolf spider goes berserk!
The wolf spider closely misses you. The wolf spider misses you.
The spark wasp stings you! The spark wasp shocks you!
The wolf spider hits you but does no damage.
The wolf spider misses you.
The moth of wrath completely misses you.
The spark wasp barely misses you. The wolf spider hits you!
The wolf spider bites you!
You are poisoned.
The wolf spider poisons you!
You climb upwards.
Welcome back to the Lair of Beasts!
You feel extremely sick.
There is a hole to the Spider Nest, spattered with blood here.
Okay, then.
Okay, then.
Okay, then.
As you read the scroll of fear, it crumbles to dust.
You assume a fearsome visage.
The moth of wrath looks frightened!
The wolf spider is unaffected.
The spark wasp looks frightened!
You feel very sick. The wolf spider closely misses you.
The wolf spider barely misses you. The wolf spider hits you!!
* * * LOW HITPOINT WARNING * * *
The wolf spider bites you!
* * * LOW HITPOINT WARNING * * *
You feel better. The wolf spider hits you!!
You die...

#.# ### ##.....##....##....####
..# ##.####.......#.....#...## #
..# #...##.#...........##....####
#.###.........#...#....#....##...
#.'..+..##.#.##^###^^..##....#P..
...###.####.###.#^^..#.##....##..
#.## #.P##....#^.#.^#...#.(..##.#
#.P###.#######.#^^.##........##.#
#..#....#.P.^#^#@..##^...........
#...........#...s#y##............
#...........^^.^#..^...>.........
...####..#..#y.#.^#.#............
#...#.P..##.....^.^#^#......#####
#..##.<..P....##.#.####....#### #
#..#............#..........##.###
...#......#....##.^..##....#.....
#..##....##..........##....'.....


You could see a spark wasp (fleeing), a wolf spider (berserk) and a moth of
wrath (fleeing).

Vanquished Creatures
  A tentacled monstrosity (Swamp:4)
  Donald (Swamp:3)
  A thorn hunter (Swamp:4)
  A ghost moth (Lair:3)
  2 ghouls (Swamp:1)
  2 very ugly things (D:15)
  Nessos (D:15)
  2 eleionomae (Swamp:1)
  A dire elephant (Lair:5)
  2 bunyips
  Snorg (Lair:5)
  The ghost of Vupaekk the Geomancer, a journeyman DsEE of Vehumet (Orc:1)
  An entropy weaver (Lair:3)
  2 fire dragons (Swamp:2)
  The ghost of Helis the Frost Mage, a journeyman MfIE of Vehumet (D:13)
  2 shambling mangroves (Swamp:4)
  A rakshasa (D:15)
  5 vault guards
  A catoblepas (D:13)
  A boulder beetle (Lair:5)
  10 hydras
  Erica (D:8)
  8 alligators
  A two-headed ogre (D:11)
  The ghost of Impimeov the Thaumaturge, a journeyman SpVM of Vehumet (Orc:1)
  2 naga warriors (D:13)
  6 centaur warriors
  7 tengu warriors
  7 death yaks (Lair:5)
  An orc high priest (Orc:2)
  Urug (D:13)
  Sonja (Lair:5)
  A fire crab (shapeshifter) (D:14)
  A skyshark (Lair:3)
  3 skeletal warriors (D:15)
  A goliath frog (Swamp:1)
  2 spriggan druids
  4 swamp dragons
  A glowing orange brain (D:15)
  An orb spider (Spider:1)
  6 bog bodies
  9 lindwurms
  2 orc knights
  4 orc sorcerers (Orc:2)
  3 deep elf pyromancers
  2 wolf spiders
  2 manticores
  A shining eye (shapeshifter) (D:15)
  4 cyclopes
  9 will-o-the-wisps
  An oklob plant (Lair:4)
  18 ugly things
  3 black mambas
  2 torpor snails
  16 cane toads
  An ice statue (IceCv)
  2 elephants (Lair:5)
  3 gargoyles
  An unseen horror (D:12)
  6 unseen horror zombies (D:9)
  A kobold demonologist (D:9)
  5 rime drakes
  3 tengu conjurers
  8 komodo dragons
  A freezing wraith (D:14)
  2 anaconda simulacra (IceCv)
  An efreet (D:13)
  10 trolls
  8 tyrant leeches
  A polar bear (shapeshifter) (D:14)
  2 hornets
  Grinder (D:4)
  16 blink frogs
  6 polar bears
  6 dream sheep
  20 slime creatures
  3 spriggans (Swamp:2)
  A culicivora (Spider:1)
  3 shadows
  2 wraiths
  3 wyverns
  27 yaks
  7 basilisks
  2 steam dragons
  A redback (Lair:3)
  13 vampire mosquitoes
  3 death yak simulacra (IceCv)
  Menkaure (D:5)
  21 swamp worms
  5 wargs
  Edmund (D:5)
  2 hydra simulacra (IceCv)
  An acid dragon (D:8)
  20 water moccasins
  3 swamp drakes (Swamp:4)
  2 black bears
  A meliai simulacrum (D:15)
  21 orc warriors
  An ice beast (D:7)
  8 centaurs
  10 ogres
  6 wolves (Lair:4)
  4 kobold brigands
  2 gnoll sergeants
  11 bullfrogs
  5 water moccasin zombies (Ossuary)
  4 two-headed ogre simulacra (IceCv)
  3 cane toad simulacra (IceCv)
  2 scorpions
  8 wights
  2 necrophages (Swamp:2)
  9 killer bees
  7 howler monkeys
  2 electric eels
  2 hounds
  A jelly (D:5)
  A gnoll bouda (D:4)
  25 orc priests
  Crazy Yiuf (D:3)
  A sleepcap (D:8)
  2 iguanas
  37 orc wizards
  2 polar bear simulacra (IceCv)
  A spriggan simulacrum (IceCv)
  10 troll simulacra (IceCv)
  A killer bee zombie (D:9)
  A wolf simulacrum (IceCv)
  2 mummies (Ossuary)
  4 howler monkey zombies (D:9)
  Robin (D:2)
  15 gnolls
  8 adders
  6 naga simulacra (IceCv)
  11 white imps
  6 ufetubi
  6 adder zombies (Ossuary)
  A worm (D:4)
  81 orcs
  7 ball pythons
  2 endoplasms
  A giant cockroach (D:2)
  11 goblins
  7 hobgoblins
  9 jackals
  27 kobolds
  3 quokkas
  2 bats
  4 frilled lizards
  2 gnoll zombies (Ossuary)
  6 hobgoblin zombies (Ossuary)
  4 kobold zombies (Ossuary)
  6 orc zombies (Ossuary)
  4 rats
824 creatures vanquished.

Vanquished Creatures (collateral kills)
  Nikola (Spider:1)
  A thorn hunter (Swamp:4)
  6 hydras (Swamp:4)
  Erolcha (D:11)
  4 swamp dragons (Swamp:4)
  A tarantella (Spider:1)
  A redback (Spider:1)
  4 swamp drakes (Swamp:4)
  An ice beast (D:5)
  An ogre (D:5)
  A centaur (D:9)
  A kobold brigand (D:9)
  A gnoll sergeant (D:11)
  3 wights
  A sleepcap (D:6)
  An iguana (D:5)
  A shadow imp (D:7)
  2 kobolds (D:9)
32 creatures vanquished.

Vanquished Creatures (others)
  A rakshasa (D:15)
  A bloated husk (Swamp:2)
  A steam dragon (D:7)
  2 orc wizards (Orc:2)
  30 foxfires
35 creatures vanquished.

Grand Total: 891 creatures vanquished

Notes
Turn   | Place    | Note
-------+----------+-------------------------------------------
     0 | D:1      | Crownlay the Gnoll Ice Elementalist began the quest for the
                  | Orb.
     0 | D:1      | Reached XP level 1. HP: 13/13 MP: 6/6
   268 | D:1      | Reached XP level 2. HP: 19/19 MP: 5/7
   762 | D:1      | Found a faded altar of an unknown god.
   899 | D:2      | Reached skill level 5 in Spellcasting
   899 | D:2      | Reached XP level 3. HP: 11/25 MP: 5/9
  1226 | D:2      | Learned a level 3 spell: Frozen Ramparts
  1230 | D:2      | Learned a level 3 spell: Ozocubu's Armour
  1253 | D:2      | Noticed Robin
  1258 | D:2      | Reached skill level 1 in Invocations
  1269 | D:2      | Killed Robin
  1270 | D:2      | Reached skill level 1 in Fighting
  1270 | D:2      | Reached skill level 1 in Short Blades
  1270 | D:2      | Reached skill level 1 in Long Blades
  1270 | D:2      | Reached skill level 1 in Axes
  1270 | D:2      | Reached skill level 1 in Maces & Flails
  1270 | D:2      | Reached skill level 1 in Polearms
  1270 | D:2      | Reached skill level 1 in Staves
  1270 | D:2      | Reached skill level 1 in Ranged Weapons
  1270 | D:2      | Reached skill level 1 in Throwing
  1270 | D:2      | Reached skill level 1 in Armour
  1270 | D:2      | Reached skill level 1 in Shields
  1270 | D:2      | Reached skill level 1 in Unarmed Combat
  1270 | D:2      | Reached skill level 1 in Evocations
  1368 | D:2      | Found a white marble altar of Elyvilon.
  1383 | D:2      | Reached XP level 4. HP: 29/32 MP: 3/11
  1904 | D:3      | Reached skill level 1 in Conjurations
  1904 | D:3      | Reached skill level 1 in Hexes
  1904 | D:3      | Reached skill level 1 in Summonings
  1904 | D:3      | Reached skill level 1 in Necromancy
  1904 | D:3      | Reached skill level 1 in Translocations
  1904 | D:3      | Reached skill level 1 in Transmutations
  1904 | D:3      | Reached skill level 1 in Fire Magic
  1904 | D:3      | Reached skill level 1 in Air Magic
  1904 | D:3      | Reached skill level 1 in Earth Magic
  1904 | D:3      | Reached skill level 1 in Poison Magic
  1904 | D:3      | Reached skill level 1 in Shapeshifting
  2027 | D:3      | Found a shadowy altar of Dithmenos.
  2153 | D:3      | Reached XP level 5. HP: 37/37 MP: 9/12
  2811 | D:3      | Found a runed translucent door.
  2812 | D:3      | Noticed Crazy Yiuf
  2818 | D:3      | Killed Crazy Yiuf
  2977 | D:4      | Reached XP level 6. HP: 42/44 MP: 7/13
  2983 | D:4      | Reached skill level 5 in Dodging
  3152 | D:4      | Learned a level 4 spell: Summon Ice Beast
  3282 | D:4      | Found a runed translucent door.
  3401 | D:4      | Reached XP level 7. HP: 50/50 MP: 9/15
  3689 | D:4      | Found an iron altar of Okawaru.
  3691 | D:4      | Found a radiant altar of Vehumet.
  3692 | D:4      | Found a shimmering blue altar of Sif Muna.
  3692 | D:4      | Found a snail-covered altar of Cheibriados.
  3692 | D:4      | Found a shimmering altar of Xom.
  3808 | D:4      | Noticed Grinder
  3838 | D:4      | Killed Grinder
  3839 | D:4      | Reached skill level 5 in Stealth
  3913 | D:4      | Noticed initializr's ghost (amateur DrSh)
  4055 | D:5      | Entered Level 5 of the Dungeon
  4075 | D:5      | Noticed Edmund
  4090 | D:5      | Killed Edmund
  4091 | D:5      | Reached XP level 8. HP: 24/58 MP: 2/16
  4674 | D:5      | Noticed Menkaure
  4681 | D:5      | Killed Menkaure
  5073 | D:5      | Found Tyoskaic's Jewellery Emporium.
  5173 | D:5      | Identified the +4 leather armour of Narcissism {rElec rC-
                  | rN+}
  5474 | D:6      | Found Veticiur's Magic Scroll Emporium.
  5534 | D:6      | Reached XP level 9. HP: 65/65 MP: 9/18
  5599 | D:6      | Bought a scroll of revelation for 112 gold pieces
  5599 | D:6      | Bought a scroll of identify for 30 gold pieces
  5599 | D:6      | Bought a scroll of poison for 60 gold pieces
  5599 | D:6      | Bought a scroll of identify for 30 gold pieces
  5599 | D:6      | Bought a scroll of identify for 30 gold pieces
  6538 | D:7      | Found a sand-covered staircase.
  6554 | Ossuary  | Entered an ossuary
  6956 | D:7      | Reached skill level 5 in Invocations
  7369 | D:7      | Found a staircase to the Ecumenical Temple.
  7383 | Temple   | Entered the Ecumenical Temple
  7432 | Temple   | Became a worshipper of Uskayaw the Reveller
  7497 | D:7      | Reached * piety under Uskayaw
  7510 | D:7      | Reached ** piety under Uskayaw
  7989 | D:7      | Reached XP level 10. HP: 73/73 MP: 13/20
  8155 | D:6      | Bought a scroll of brand weapon for 142 gold pieces
  8386 | D:8      | Noticed Erica
  8394 | D:8      | Reached *** piety under Uskayaw
  8402 | D:8      | Killed Erica
  8403 | D:8      | Reached skill level 5 in Fighting
  8403 | D:8      | Reached skill level 5 in Short Blades
  8403 | D:8      | Reached skill level 5 in Long Blades
  8403 | D:8      | Reached skill level 5 in Axes
  8403 | D:8      | Reached skill level 5 in Maces & Flails
  8403 | D:8      | Reached skill level 5 in Polearms
  8403 | D:8      | Reached skill level 5 in Staves
  8403 | D:8      | Reached skill level 5 in Ranged Weapons
  8403 | D:8      | Reached skill level 5 in Throwing
  8403 | D:8      | Reached skill level 5 in Armour
  8403 | D:8      | Reached skill level 5 in Shields
  8403 | D:8      | Reached skill level 5 in Unarmed Combat
  8403 | D:8      | Reached skill level 5 in Evocations
  8566 | D:8      | Found a hazy altar of Hepliaklqana.
  8659 | D:8      | Reached **** piety under Uskayaw
  8728 | D:8      | Found an ancient bone altar of Kikubaaqudgha.
  8746 | D:8      | Reached ***** piety under Uskayaw
  9724 | D:9      | Reached XP level 11. HP: 62/81 MP: 19/22
  9788 | D:9      | Found Votuepse's General Store.
  9947 | D:9      | Reached skill level 5 in Conjurations
  9947 | D:9      | Reached skill level 5 in Hexes
  9947 | D:9      | Reached skill level 5 in Summonings
  9947 | D:9      | Reached skill level 5 in Necromancy
  9947 | D:9      | Reached skill level 5 in Translocations
  9947 | D:9      | Reached skill level 5 in Transmutations
  9947 | D:9      | Reached skill level 5 in Fire Magic
  9947 | D:9      | Reached skill level 5 in Air Magic
  9947 | D:9      | Reached skill level 5 in Earth Magic
  9947 | D:9      | Reached skill level 5 in Poison Magic
  9947 | D:9      | Reached skill level 5 in Shapeshifting
 10204 | D:9      | Paralysed by a wight for 3 turns
 10374 | D:9      | Found a sacrificial altar of Ru.
 10487 | D:9      | Upgraded the game from 0.31-a0-345-g1ebeae05c6 to
                  | 0.31-a0-354-g827e0957a7
 10487 | D:9      | Upgraded the game from 0.31-a0-354-g827e0957a7 to
                  | 0.31-a0-355-g57cb03d3e8
 10745 | D:9      | Found Xeol's Weapon Shop.
 10790 | D:9      | Noticed a sixfirhy
 10891 | D:10     | Entered Level 10 of the Dungeon
 11100 | D:10     | Identified the +5 scimitar of the Viper {flame, rF+}
 11345 | D:10     | Noticed a vault guard
 11370 | D:10     | Killed a vault guard
 11511 | D:10     | Got the Lessons on Wildfire
 11518 | D:10     | Learned a level 5 spell: Fireball
 11520 | D:10     | Found a portal to a secret trove of treasure.
 12146 | D:10     | Noticed a lindwurm
 12146 | D:10     | Noticed a lindwurm
 12154 | D:10     | Noticed a lindwurm
 12276 | D:10     | Noticed a lindwurm
 12281 | D:10     | Killed a lindwurm
 12322 | D:10     | Killed a lindwurm
 12354 | D:10     | Killed a lindwurm
 12374 | D:10     | Killed a lindwurm
 12529 | D:11     | Noticed a manticore
 12542 | D:11     | Killed a manticore
 12543 | D:11     | Reached XP level 12. HP: 49/89 MP: 17/24
 12851 | D:11     | Noticed Erolcha
 12864 | D:11     | Killed Erolcha
 13021 | D:11     | Noticed a two-headed ogre
 13031 | D:11     | Killed a two-headed ogre
 13475 | D:11     | Found a staircase to the Orcish Mines.
 13953 | D:11     | Found a staircase to the Lair.
 13986 | D:11     | Reached ****** piety under Uskayaw
 14805 | D:12     | Found a hazy altar of Hepliaklqana.
 14968 | Lair:1   | Entered Level 1 of the Lair of Beasts
 15122 | Lair:1   | Reached XP level 13. HP: 90/98 MP: 23/26
 16125 | Lair:2   | Reached skill level 10 in Ice Magic
 16144 | Lair:2   | Learned a level 4 spell: Flame Wave
 16147 | Lair:2   | Found a frozen archway.
 16161 | Lair:2   | Learned a level 2 spell: Scorch
 16162 | IceCv    | Entered an ice cave
 18972 | Lair:2   | Found a transporter.
 18990 | Lair:2   | Noticed Sapher's ghost (amateur FeWr)
 19098 | Lair:2   | Reached skill level 10 in Spellcasting
 19210 | Lair:2   | Found a transporter.
 19661 | Lair:2   | Found a staircase to the Swamp.
 20530 | Lair:3   | Found a hole to the Spider Nest.
 20541 | Lair:3   | Reached skill level 10 in Dodging
 21597 | Lair:4   | Reached XP level 14. HP: 108/108 MP: 28/28
 21727 | Lair:4   | Reached skill level 10 in Stealth
 22244 | Lair:4   | Found a staircase to the Slime Pits.
 22556 | Lair:5   | Entered Level 5 of the Lair of Beasts
 22676 | Lair:5   | Reached skill level 10 in Invocations
 23300 | Lair:5   | Noticed Sonja
 23311 | Lair:5   | Killed Sonja
 23494 | Lair:5   | Noticed Snorg
 23499 | Lair:5   | Killed Snorg
 23691 | Lair:5   | Noticed a dire elephant
 23725 | Lair:5   | Killed a dire elephant
 24941 | D:9      | Bought a scroll of revelation for 90 gold pieces
 24941 | D:9      | Bought a potion of heal wounds for 60 gold pieces
 25010 | D:6      | Bought a scroll of torment for 142 gold pieces
 25149 | D:11     | Learned a level 7 spell: Ozocubu's Refrigeration
 25339 | D:13     | Found a runed translucent gate.
 25339 | D:13     | Found a runed translucent gate.
 25339 | D:13     | Found a runed translucent gate.
 25340 | D:13     | Noticed Helis's ghost (journeyman MfIE)
 25601 | D:13     | Noticed Urug
 25676 | D:13     | Killed Urug
 25875 | D:13     | Reached XP level 15. HP: 82/115 MP: 21/30
 26157 | D:13     | Found an iron altar of Okawaru.
 26198 | D:13     | Killed Helis's ghost
 26202 | D:13     | Reached skill level 10 in Fighting
 26202 | D:13     | Reached skill level 10 in Short Blades
 26202 | D:13     | Reached skill level 10 in Long Blades
 26202 | D:13     | Reached skill level 10 in Axes
 26202 | D:13     | Reached skill level 10 in Maces & Flails
 26202 | D:13     | Reached skill level 10 in Polearms
 26202 | D:13     | Reached skill level 10 in Staves
 26202 | D:13     | Reached skill level 10 in Ranged Weapons
 26202 | D:13     | Reached skill level 10 in Throwing
 26202 | D:13     | Reached skill level 10 in Armour
 26202 | D:13     | Reached skill level 10 in Shields
 26202 | D:13     | Reached skill level 10 in Unarmed Combat
 26202 | D:13     | Reached skill level 10 in Evocations
 26434 | D:13     | Identified the +3 quick blade of Gallantry {freeze, Dex+3}
 26660 | D:14     | Found a gate to the Vaults.
 27097 | D:14     | Found a shimmering altar of Xom.
 27097 | D:14     | Found a shimmering altar of Xom.
 27622 | D:15     | Entered Level 15 of the Dungeon
 28485 | D:15     | Identified the +6 halberd of Sulphur {freeze, rPois MP+9
                  | Str+4}
 28490 | D:15     | Noticed Nessos
 28519 | D:15     | Killed Nessos
 28991 | D:15     | Reached XP level 16. HP: 124/124 MP: 31/31
 29157 | D:15     | Gained mutation: You do not regenerate when monsters are
                  | visible. [a shining eye]
 29209 | D:15     | Found a staircase to the Depths.
 29532 | Orc:1    | Entered Level 1 of the Orcish Mines
 29631 | Orc:2    | Entered Level 2 of the Orcish Mines
 30021 | Orc:1    | Found a runed translucent gate.
 30022 | Orc:1    | Found a runed translucent gate.
 30023 | Orc:1    | Found a runed translucent gate.
 30161 | Orc:1    | Noticed Impimeov's ghost (journeyman SpVM)
 30200 | Orc:1    | Noticed Vupaekk's ghost (journeyman DsEE)
 30325 | Orc:1    | Killed Vupaekk's ghost
 30327 | Orc:1    | Killed Impimeov's ghost
 30766 | Orc:2    | Found Joriutz's General Store.
 30766 | Orc:2    | Found Foliol's Jewellery Boutique.
 30821 | Orc:2    | Found Waucux's Book Boutique.
 30823 | Orc:2    | Found Mumy's Distillery.
 30826 | Orc:2    | Bought a scroll of identify for 24 gold pieces
 30826 | Orc:2    | Bought a scroll of blinking for 90 gold pieces
 30827 | Orc:2    | Bought a potion of cancellation for 96 gold pieces
 31360 | Orc:2    | Found a staircase to the Elven Halls.
 31708 | Orc:2    | Identified a scroll of acquirement
 31709 | Orc:2    | Acquired 654 gold pieces
 32234 | Swamp:1  | Entered Level 1 of the Swamp
 32266 | Swamp:1  | Upgraded the game from 0.31-a0-355-g57cb03d3e8 to
                  | 0.31-a0-358-gac0dbeb3ab
 33454 | Swamp:1  | Learned a level 3 spell: Stone Arrow
 34353 | Swamp:1  | Lost mutation: You do not regenerate when monsters are
                  | visible. [potion of mutation]
 34353 | Swamp:1  | Gained mutation: Your muscles are strong. (Str +4, Int/Dex
                  | -1) [potion of mutation]
 34353 | Swamp:1  | Gained mutation: Your body sometimes deteriorates upon
                  | taking damage. [potion of mutation]
 34353 | Swamp:1  | Gained mutation: Your body often deteriorates upon taking
                  | damage. [potion of mutation]
 34353 | Swamp:1  | Gained mutation: You have large cloven feet. [potion of
                  | mutation]
 34354 | Swamp:1  | Lost mutation: Your body often deteriorates upon taking
                  | damage. [potion of mutation]
 34354 | Swamp:1  | Lost mutation: Your muscles are strong. (Str +4, Int/Dex
                  | -1) [potion of mutation]
 34354 | Swamp:1  | Lost mutation: Your body sometimes deteriorates upon taking
                  | damage. [potion of mutation]
 34354 | Swamp:1  | Gained mutation: Your natural rate of healing is unusually
                  | fast. [potion of mutation]
 34354 | Swamp:1  | Gained mutation: You are somewhat resistant to further
                  | mutation. [potion of mutation]
 34445 | Swamp:1  | Upgraded the game from 0.31-a0-358-gac0dbeb3ab to
                  | 0.31-a0-360-gb3e1d13bf4
 35105 | Swamp:2  | You fall into a shaft and drop 1 floor!
 35673 | Swamp:2  | Upgraded the game from 0.31-a0-360-gb3e1d13bf4 to
                  | 0.31-a0-369-g8eba5f6939
 35895 | D:10     | You paid a toll of 6 scrolls of blinking to enter a
                  | treasure trove
 35896 | Trove    | Entered a treasure trove
 35900 | Trove    | Found the +7 lajatang of Order {silver, rMut}
 35902 | Trove    | Found the +12 pair of quick blades "Gyre" and "Gimble"
                  | {protect}
 35902 | Trove    | Found the +8 demon trident "Rift" {distort, reach+}
 35910 | Trove    | Upgraded the game from 0.31-a0-369-g8eba5f6939 to
                  | 0.31-a0-408-gb642c7f9a3
 35924 | Trove    | Identified the +3 sling of Qaehudgh {heavy, Str+3}
 35925 | Trove    | Identified the +3 dagger "Demon's Nightmare" {heavy, rN+
                  | Str-2 Dex+4}
 36482 | Swamp:3  | Identified the +5 flail of Liorghutt {chaos, rElec rN+}
 36792 | Swamp:3  | Noticed Donald
 36811 | Swamp:3  | HP: 6/126 [Donald/+2 broad axe of flaming (11)]
 36916 | Swamp:3  | Killed Donald
 37456 | Swamp:4  | Entered Level 4 of the Swamp
 37882 | Swamp:4  | Noticed a tentacled monstrosity
 38265 | Orc:2    | Bought a book of Power for 504 gold pieces
 38265 | Orc:2    | Bought a book of Iron for 384 gold pieces
 38273 | Orc:2    | Learned a level 7 spell: Spellforged Servitor
 38586 | Swamp:4  | Noticed a thorn hunter
 38593 | Swamp:4  | Killed a thorn hunter
 38594 | Swamp:4  | Reached XP level 17. HP: 131/131 MP: 16/33
 38767 | Swamp:4  | Killed a tentacled monstrosity
 39849 | Swamp:4  | Got a decaying rune of Zot
 39932 | Swamp:4  | Upgraded the game from 0.31-a0-408-gb642c7f9a3 to
                  | 0.31-a0-426-g3a05650e59
 39932 | Swamp:4  | Upgraded the game from 0.31-a0-426-g3a05650e59 to
                  | 0.31-a0-431-g88bdf31460
 40277 | Orc:2    | Bought Ereshkigal's Precepts of Battle Magic for 576 gold
                  | pieces
 40734 | Spider:1 | Entered Level 1 of the Spider Nest
 40740 | Spider:1 | Noticed Nikola
 40751 | Spider:1 | Learned a level 5 spell: Lee's Rapid Deconstruction
 40755 | Spider:1 | Killed Nikola
 40756 | Spider:1 | Reached skill level 10 in Conjurations
 40756 | Spider:1 | Reached skill level 10 in Hexes
 40756 | Spider:1 | Reached skill level 10 in Summonings
 40756 | Spider:1 | Reached skill level 10 in Necromancy
 40756 | Spider:1 | Reached skill level 10 in Translocations
 40756 | Spider:1 | Reached skill level 10 in Transmutations
 40756 | Spider:1 | Reached skill level 10 in Fire Magic
 40756 | Spider:1 | Reached skill level 10 in Air Magic
 40756 | Spider:1 | Reached skill level 10 in Earth Magic
 40756 | Spider:1 | Reached skill level 10 in Poison Magic
 40756 | Spider:1 | Reached skill level 10 in Shapeshifting
 41025 | Lair:3   | Slain by a wolf spider

Illustrated notes

Levels and vault maps discovered:
D:1:      dpeg_arrival_rhombus, layout_basic,
          shapermc_ecumenical_altar_mp_vishouse
D:2:      layout_basic, basic_altar, chequers_arboretum, columned_hall_lemuel,
          minmay_cupped, uniq_robin
D:3:      layout_loops_ring, grunt_dithmenos_smoke_and_mirrors,
          minmay_misc_feat_more_columns, uniq_crazy_yiuf_cottage
D:4:      layout_basic, grunt_temple_overflow_open,
          ebering_ghost_reflecting_pool, uniq_grinder
D:5:      layout_basic, minmay_shop_enchanted_jewellery, amethyst_killhole,
          serial_bayou_ford_a, uniq_menkaure, uniq_edmund
D:6:      layout_loops_cross, serial_shops, shop
D:7:      layout_gridville, minmay_temple_entry_large_hall, enter_ossuary_1,
          grunt_ministairs_6, chequers_serial_rivers_marsh,
          kennysheep_minor_cross
D:8:      layout_loops_corners, lemuel_crystal_altar, kiku_gazebo_garden_becter,
          uniq_erica
D:9:      layout_cave_pools, nicolae_ru_awakened_eye, serial_shops,
          kennysheep_mini_moat, nicolae_shop_pleasant_corner_grove,
          serial_undead, serial_undead_e, serial_undead_c, serial_undead_c,
          serial_undead_b, serial_undead_c, serial_undead_e, serial_undead_c,
          serial_undead_b, fungi_pond_lemuel
D:10:     layout_cave_pods, enter_trove_5, minmay_lindwurm_lava
D:11:     layout_roguey, erik_lair_orcish_takeover,
          kennysheep_orc_monster_closet_entryway, uniq_erolcha
D:12:     layout_cross, worldfamousw_hep_ancestral_shrine
D:13:     layout_basic, gammafunk_ghost_fury_of_okawaru, lemuel_flamethrower_3,
          uniq_urug
D:14:     layout_roguey, lightli_vaults_fourway_checkpoint, xom_redecorated,
          minmay_misc_feat_five
D:15:     gammafunk_enter_depths_forms, layout_basic, serial_co_window_serial,
          co_window_cross_1, co_window_of_opportunity_a, co_window_cross_1,
          co_window_paths_b, co_window_paths_a, co_window_paths_b,
          co_window_paths_a, co_window_corner_a, co_window_of_opportunity_a,
          co_window_corner_b, co_window_of_opportunity_b, co_window_2corner,
          co_window_corner_cb, glass_columns_c, uniq_nessos
Temple:   dshaligram_water_room_temple
Lair:1:   layout_chaotic_city, infiniplex_staircase_pool_2
Lair:2:   layout_cave_pods, minmay_swamp_entry_worms, gammafunk_ghost_arena,
          portal_ice_cave_entry_ice_simulacra
Lair:3:   layout_regular_city, spider_nest_entry_rubble
Lair:4:   layout_hall_layers, dpeg_slime_entry_enclosed, serial_bayou_shore_a
Lair:5:   hangedman_lair_in_review, layout_cellular_growth,
          cheibrodos_lair_lostbears, uniq_snorg, uniq_sonja
Swamp:1:  layout_basic_swamp, serial_swamp_ruin, hangedman_swamp_ruin_wall,
          evilmike_swamp_ruin_house_3, swamp_pool3
Swamp:2:  layout_basic_swamp, nicolae_swamp_some_circles,
          hangedman_swamp_double_dragon
Swamp:3:  layout_basic_swamp, evilmike_swamp_ruin_rubble_1, swamp_pool4,
          uniq_donald
Swamp:4:  swamp, layout_basic_swamp
Spider:1: layout_spider_delve, hangedman_spider_tarantella_strand, uniq_nikola
Orc:1:    layout_caves, gammafunk_ghost_cemetery
Orc:2:    st_orc_mages, layout_caves

Skill      XL: |  1  2  3  4  5  6  7  8  9 10 11 12 13 14 15 16 17 |
---------------+----------------------------------------------------+-----
Spellcasting   | 5 6 7 8 9 10 11 12 | 12.8
Invocations    | 1 2 3 4 5 6 7 8 9 10 11 12 | 12.8
Fighting       | 1 2 3 4 5 6 8 9 10 11 | 11.8
Short Blades   | 1 2 3 4 5 6 8 9 10 11 | 11.8
Long Blades    | 1 2 3 4 5 6 8 9 10 11 | 11.8
Axes           | 1 2 3 4 5 6 8 9 10 11 | 11.8
Maces & Flails | 1 2 3 4 5 6 8 9 10 11 | 11.8
Polearms       | 1 2 3 4 5 6 8 9 10 11 | 11.8
Staves         | 1 2 3 4 5 6 8 9 10 11 | 11.8
Ranged Weapons | 1 2 3 4 5 6 8 9 10 11 | 11.8
Throwing       | 1 2 3 4 5 6 8 9 10 11 | 11.8
Armour         | 1 2 3 4 5 6 8 9 10 11 | 11.8
Shields        | 1 2 3 4 5 6 8 9 10 11 | 11.8
Unarmed Combat | 1 2 3 4 5 6 8 9 10 11 | 11.8
Evocations     | 1 2 3 4 5 6 8 9 10 11 | 11.8
Conjurations   | 1 2 3 4 5 6 7 8 9 10 | 10.0
Hexes          | 1 2 3 4 5 6 7 8 9 10 | 10.0
Summonings     | 1 2 3 4 5 6 7 8 9 10 | 10.0
Necromancy     | 1 2 3 4 5 6 7 8 9 10 | 10.0
Translocations | 1 2 3 4 5 6 7 8 9 10 | 10.0
Transmutations | 1 2 3 4 5 6 7 8 9 10 | 10.0
Fire Magic     | 1 2 3 4 5 6 7 8 9 10 | 10.0
Air Magic      | 1 2 3 4 5 6 7 8 9 10 | 10.0
Earth Magic    | 1 2 3 4 5 6 7 8 9 10 | 10.0
Poison Magic   | 1 2 3 4 5 6 7 8 9 10 | 10.0
Shapeshifting  | 1 2 3 4 5 6 7 8 9 10 | 10.0
Dodging        | 5 6 7 8 9 10 11 12 | 12.6
Stealth        | 5 6 7 8 9 10 11 12 | 12.5
Ice Magic      | 8 9 10 11 12 | 12.2

Action                     |  1- 3 |  4- 6 |  7- 9 | 10-12 | 13-15 | 16-18 || total
---------------------------+-------+-------+-------+-------+-------+-------++-------
  Melee: Mace              |     7 |     3 |       |       |       |       ||    10
         Bite              |     1 |       |     1 |    54 |   160 |   108 ||   324
         Dagger            |       |       |    20 |   375 |   632 |       ||  1027
         Punch             |       |       |       |    23 |    39 |       ||    62
         Quick blade       |       |       |       |       |   428 |   447 ||   875
         Halberd           |       |       |       |       |       |    57 ||    57
         Pair of quick bla |       |       |       |       |       |   150 ||   150
   Fire: Orcbow            |       |    69 |   351 |   210 |       |       ||   630
  Throw: Javelin           |       |       |       |       |    10 |     6 ||    16
   Cast: Freeze            |    27 |    15 |     4 |       |     8 |     1 ||    55
         Frozen Ramparts   |     4 |    15 |    51 |    70 |   102 |    21 ||   263
         Ozocubu's Armour  |     1 |     7 |    23 |    45 |    79 |    15 ||   170
         Summon Ice Beast  |       |       |    10 |    11 |     2 |    13 ||    36
         Fireball          |       |       |       |     6 |    33 |    61 ||   100
         Scorch            |       |       |       |       |    32 |     7 ||    39
         Flame Wave        |       |       |       |       |    25 |    10 ||    35
         Ozocubu's Refrige |       |       |       |       |     2 |    34 ||    36
         Stone Arrow       |       |       |       |       |       |    95 ||    95
         Spellforged Servi |       |       |       |       |       |    15 ||    15
 Invoke: Grand Finale      |       |       |       |     1 |       |     1 ||     2
         Stomp             |       |       |       |       |     1 |       ||     1
  Evoke: Wand              |       |       |       |     3 |    48 |     9 ||    60
         Lightning rod     |       |       |       |       |     1 |       ||     1
    Use: Scroll            |       |     4 |     9 |    10 |     7 |    10 ||    40
         Potion            |       |       |       |     1 |     4 |    11 ||    16
   Stab: Sleeping          |     1 |       |       |       |     9 |     9 ||    19
         Paralysed         |       |       |       |    26 |    63 |    19 ||   108
         Distracted        |       |       |       |     2 |       |       ||     2
 Armour: Robe              |     4 |    17 |    31 |       |       |       ||    52
         Steam dragon scal |       |       |    78 |   166 |   307 |   127 ||   678
  Dodge: Dodged            |    24 |    29 |   205 |   261 |   441 |   238 ||  1198
  Block: Kite shield       |       |       |       |    61 |    23 |       ||    84
         Other             |       |       |       |     3 |    79 |    42 ||   124
         Reflection        |       |       |       |     2 |    17 |     4 ||    23
         Buckler           |       |       |       |       |   190 |    68 ||   258

Table legend: (Time is in decaauts)
 A = Elapsed time spent in this place.
 B = Non-inter-level travel time spent in this place.
 C = Inter-level travel time spent in this place.
 D = Time resting spent in this place.
 E = Time spent auto-exploring this place.
 F = Levels seen in this place.
 G = Mean time per level.
                   A        B        C        D        E       F      G
               +--------+--------+--------+--------+--------+-----+--------+
         Total |  41327 |  37595 |   3732 |   3994 |  24717 |  31 | 1333.1 |
       Dungeon |  20396 |  18106 |   2290 |    197 |  14186 |  15 | 1359.7 |
        Temple |     84 |     84 |      0 |      0 |      0 |   1 |   84.0 |
          Lair |   7979 |   7266 |    713 |    608 |   5262 |   5 | 1595.8 |
         Swamp |   7409 |   7094 |    315 |   1920 |   3096 |   4 | 1852.2 |
   Spider Nest |     27 |     27 |      0 |      0 |      0 |   1 |   27.0 |
  Orcish Mines |   2587 |   2175 |    412 |      0 |   1552 |   2 | 1293.5 |
         Trove |     47 |     47 |      0 |      0 |      0 |   1 |   47.0 |
       Ossuary |    290 |    290 |      0 |     29 |      0 |   1 |  290.0 |
      Ice Cave |   2504 |   2504 |      0 |   1240 |    620 |   1 | 2504.0 |
               +--------+--------+--------+--------+--------+-----+--------+

Top non-repeatable levels by time:
   IceCv: 2504 daAuts
    D:11: 2451 daAuts
 Swamp:1: 2319 daAuts
  Lair:5: 2143 daAuts
 Swamp:4: 2112 daAuts
    D:15: 1855 daAuts
    D:10: 1767 daAuts
   Orc:2: 1693 daAuts
     D:9: 1634 daAuts
  Lair:2: 1624 daAuts
  Lair:4: 1594 daAuts
 Swamp:2: 1529 daAuts
     D:5: 1448 daAuts
 Swamp:3: 1447 daAuts
    D:13: 1430 daAuts
